Map: Tours du crépuscule

Players

zidar

  • Race: Zerg Zerg
  • League: Silver
  • Spawn Location: 7:00

Ritul - Winner!

  • Race: Protoss Protoss
  • League: Silver
  • Spawn Location: 1:00

VOD

Have the link to the VOD?

Description

Time

  • Played on: Feb. 5, 2016, 8:51 a.m.
  • Length: 18:33
Show
View Real Time Build Order
Export as new Build Order

zidar Zerg 

Build Orders: Pool First, Lurkers 

Get SALT Encoding   

  12  0:03  Drone  
  13  0:12  Overlord  
  13  0:17  Drone  
  14  0:30  Drone x2  
  14  0:35  Drone  
  17  0:48  Spawning Pool  
  16  0:50  Drone  
  17  1:16  Hatchery  
  17  1:17  Drone  
  17  1:20  Extractor  
  17  1:21  Drone  
  17  1:35  Drone  
  17  1:38  Drone  
  17  1:39  Queen  
  21  1:51  Overlord  
  21  1:53  Drone  
  22  2:10  Drone  
  23  2:19  Queen  
  26  2:37  Drone x4  
  29  2:50  Zergling x10  
  29  2:51  Zergling x2  
  34  2:53  Metabolic Boost  
  34  3:06  Roach Warren  
  33  3:29  Zergling x6  
  36  3:37  Hatchery  
  36  3:40  Drone  
  36  3:43  Overlord x3  
  30  4:45  Roach x11  
  52  4:46  Roach  
  54  5:10  Overlord x3  
  54  5:18  Queen  
  56  5:22  Drone  
  56  5:23  Overlord  
  56  5:24  Overlord  
  57  5:33  Drone x3  
  57  5:34  Drone  
  61  5:38  Drone  
  48  6:57  Zergling x4  
  48  6:58  Zergling x20  
  50  7:13  Queen  
  46  7:31  Drone  
  46  7:32  Drone x8  
  45  8:15  Roach x11  
  65  8:35  Roach x2  
  65  8:36  Roach x9  
  65  8:39  Lair  
  87  8:43  Extractor  
  87  8:47  Extractor x2  
  84  9:21  Zergling x2  
  84  9:22  Zergling x24  
  84  9:23  Zergling x2  
  98  9:26  Overlord x4  
  98  9:47  Drone x2  
  98  9:50  Drone x7  
  107  9:54  Ravager x4  
  111  10:04  Extractor x2  
  109  10:12  Infestation Pit  
  108  10:19  Overseer  
  108  10:20  Pneumatized Carapace  
  108  10:21  Evolution Chamber  
  108  10:23  Evolution Chamber  
  108  10:26  Drone x3  
  109  10:35  Drone x3  
  112  10:42  Hydralisk Den  
  112  10:49  Zerg Ground Armor Level 1  
  111  10:50  Zerg Missile Weapons Level 1  
  111  10:58  Glial Reconstitution  
  111  11:14  Hydralisk x8  
  111  11:15  Hydralisk  
  127  11:59  Hatchery  
  127  12:00  Hydralisk  
  128  12:01  Hydralisk  
  128  12:04  Overlord x6  
  128  12:05  Overlord x3  
  130  12:09  Lurker Den  
  130  12:39  Roach x5  
  130  12:40  Hydralisk x8  
  156  12:45  Roach  
  156  12:50  Drone x3  
  161  12:53  Drone  
  162  14:09  Lurker x2  
  164  14:10  Lurker x2  
  164  14:11  Lurker  
  167  14:29  Zerg Ground Armor Level 2, Zerg Missile Weapons Level 2  
  166  14:50  Extractor  
  166  14:51  Extractor  
  89  15:24  Roach x2  
  89  15:25  Roach x12, Hydralisk x3  
  89  15:26  Hydralisk x18  
  50  16:42  Roach x10  
  50  16:43  Roach x14  
  98  17:07  Hive  
  98  17:11  Hydralisk x4  
  106  17:33  Overseer  
  104  17:51  Hydralisk  
  104  17:52  Hydralisk x7  
Show
View Real Time Build Order
Export as new Build Order

Ritul Protoss - Winner!

Build Orders:  

Get SALT Encoding   

  12  0:01  Probe (Chrono Boost)  
  13  0:12  Probe (Chrono Boost)  
  14  0:19  Pylon  
  14  0:22  Probe (Chrono Boost)  
  15  0:38  Probe (Chrono Boost)  
  15  0:40  Gateway  
  16  0:48  Probe (Chrono Boost)  
  17  0:52  Assimilator  
  17  0:59  Probe (Chrono Boost)  
  18  1:07  Pylon  
  18  1:09  Probe (Chrono Boost)  
  19  1:20  Probe (Chrono Boost)  
  20  1:34  Probe (Chrono Boost)  
  20  1:36  Cybernetics Core  
  21  1:56  Assimilator  
  21  1:59  Probe (Chrono Boost)  
  22  2:11  Probe (Chrono Boost)  
  22  2:14  Adept  
  22  2:15  Pylon  
  25  2:17  Nexus  
  25  2:39  Warp Gate (Chrono Boost)  
  25  2:49  Adept  
  27  2:55  Gateway  
  27  2:56  Mothership Core  
  29  2:58  Gateway  
  29  3:11  Robotics Facility  
  29  3:16  Adept  
  29  3:17  Probe  
  32  3:29  Probe  
  32  3:30  Pylon  
  32  3:31  Probe  
  32  3:33  Assimilator  
  34  3:44  Probe  
  34  3:46  Probe  
  36  3:54  Twilight Council  
  36  4:00  Pylon  
  34  4:26  Probe  
  34  4:28  Probe  
  34  4:34  Observer (Chrono Boost)  
  34  4:36  Blink (Chrono Boost)  
  35  4:49  Pylon  
  35  4:51  Nexus, Stalker x2  
  39  4:54  Assimilator  
  39  4:56  Probe  
  39  4:58  Probe, Assimilator  
  41  5:02  Pylon  
  41  5:07  Probe  
  41  5:09  Stalker  
  44  5:15  Probe  
  44  5:18  Immortal (Chrono Boost)  
  49  5:23  Adept  
  49  5:24  Probe  
  52  5:34  Probe  
  53  5:36  Probe  
  53  5:37  Stalker  
  53  5:39  Adept  
  58  5:46  Probe  
  59  5:52  Probe  
  59  5:53  Forge  
  60  5:58  Immortal  
  60  5:59  Probe  
  59  6:22  Stalker  
  59  6:23  Stalker x2  
  47  6:49  Stalker x2  
  47  6:50  Probe, Stalker  
  47  6:51  Probe  
  55  6:58  Protoss Ground Weapons Level 1  
  51  7:17  Robotics Facility  
  51  7:19  Gateway, Stalker x2  
  51  7:20  Stalker  
  51  7:22  Gateway  
  57  7:27  Probe  
  57  7:28  Probe  
  57  7:29  Photon Cannon  
  59  7:30  Probe  
  59  7:31  Photon Cannon  
  60  7:38  Probe  
  60  7:48  Zealot x2  
  60  7:49  Zealot  
  58  8:04  Probe  
  58  8:05  Probe x2  
  60  8:14  Photon Cannon  
  60  8:15  Probe x3  
  60  8:18  Photon Cannon  
  59  8:22  Stalker  
  59  8:24  Adept x2  
  65  8:30  Immortal (Chrono Boost)  
  69  8:44  Twilight Council  
  69  8:45  Probe  
  69  8:47  Probe x2  
  72  8:56  Gateway  
  72  8:57  Probe  
  72  8:58  Gateway  
  72  9:01  Gateway  
  73  9:11  Photon Cannon  
  73  9:16  Probe, Photon Cannon  
  73  9:17  Probe  
  73  9:18  Probe  
  73  9:21  Photon Cannon  
  76  9:27  Robotics Bay  
  76  9:30  Immortal (Chrono Boost)  
  80  9:33  Adept  
  80  9:34  Adept  
  80  9:35  Adept, Stalker  
  80  9:36  Stalker  
  90  9:39  Probe  
  90  9:41  Probe x2  
  93  9:51  Protoss Ground Weapons Level 2  
  93  9:54  Resonating Glaives  
  93  10:08  Forge, Pylon  
  93  10:09  Probe  
  93  10:10  Probe  
  93  10:12  Pylon  
  93  10:13  Immortal (Chrono Boost)  
  99  10:17  Adept  
  101  10:28  Pylon  
  101  10:29  Probe  
  101  10:31  Probe x2  
  101  10:33  Pylon  
  104  10:36  Pylon  
  104  10:37  Adept  
  104  10:38  Adept  
  104  10:39  Adept x2  
  112  10:46  Disruptor (Chrono Boost)  
  115  10:55  Stalker  
  115  10:56  Stalker  
  119  10:57  Adept x2  
  119  10:58  Adept x2  
  119  11:00  Adept  
  119  11:02  Sentry  
  131  11:19  Probe  
  131  11:20  Probe  
  131  11:21  Probe  
  134  11:49  Colossus (Chrono Boost)  
  139  12:01  Stalker  
  139  12:08  Nexus  
  141  12:09  Pylon  
  141  12:10  Pylon  
  141  12:13  Pylon  
  141  12:14  Pylon  
  141  12:16  Pylon  
  141  12:18  Extended Thermal Lance, Pylon  
  141  12:19  Assimilator  
  141  12:20  Robotics Facility, Assimilator  
  141  12:21  Protoss Ground Weapons Level 3  
  141  12:22  Robotics Facility  
  141  12:25  Assimilator  
  141  12:35  Observer (Chrono Boost), Probe  
  141  12:36  Probe  
  141  12:37  Probe  
  145  12:44  Protoss Ground Armor Level 1  
  145  12:46  Charge  
  145  12:55  Stalker x2  
  145  12:56  Stalker  
  145  12:57  Adept  
  145  12:58  Adept x2  
  155  12:59  Adept  
  155  13:00  Sentry  
  155  13:02  Disruptor (Chrono Boost)  
  164  13:11  Probe  
  165  13:12  Probe  
  165  13:13  Probe  
  167  13:26  Stalker  
  169  13:33  Colossus (Chrono Boost)  
  173  13:47  Immortal (Chrono Boost)  
  183  13:49  Gateway  
  183  13:50  Colossus (Chrono Boost), Gateway  
  183  13:53  Gateway  
  183  13:54  Gateway  
  183  14:20  Photon Cannon  
  183  14:24  Observer (Chrono Boost), Photon Cannon  
  184  14:29  Photon Cannon  
  184  14:30  Photon Cannon  
  184  14:32  Photon Cannon  
  184  14:33  Stargate, Photon Cannon  
  184  14:35  Stargate, Photon Cannon  
  184  14:37  Photon Cannon  
  138  15:19  Stalker  
  138  15:20  Stalker x3  
  129  15:23  Observer (Chrono Boost)  
  129  15:26  Observer (Chrono Boost)  
  131  15:48  Observer (Chrono Boost)  
  132  16:07  Stalker  
  132  16:08  Stalker  
  132  16:09  Adept x3  
  132  16:10  Adept x3  
  132  16:11  Stalker x2  
  150  16:12  Stalker x2  
  150  16:16  Disruptor (Chrono Boost)  
  162  16:21  Disruptor (Chrono Boost)  
  162  16:23  Pylon  
  162  16:25  Pylon  
  160  16:26  Pylon  
  160  16:28  Pylon  
  142  16:33  Colossus (Chrono Boost)  
  142  16:38  Stalker x2  
  142  16:39  Stalker  
  128  16:40  Adept x3  
  128  16:41  Adept x2  
  128  16:42  Adept x2  
  148  16:47  Colossus (Chrono Boost)  
  152  16:57  Nexus, Immortal (Chrono Boost)  
  156  17:25  Immortal (Chrono Boost)  
  160  17:37  Immortal (Chrono Boost)  
Tags
 
Composition
Lurkers
Matchup
PvZ
Opening
Pool First
Spawn Locations
Cross Positions
Add a new tag
Caveats
  • Supply blocks, unpowered buildings, or Contaminate may cause inaccurate times.
  • Supply counts are checked every 10 seconds.